 Dungeon Crawl Stone Soup version 0.29-a0-598-gd8304a5bf4 (webtiles) character file.

Game seed: 14300330377209728997

210 happo123 the Ruffian (level 5, -7/48 HPs)
             Began as a Troll Transmuter on June 15, 2022.
             Was an Initiate of Okawaru.
             Killed by divine providence
             ... invoked by an orc priest
              (15 damage)
             ... on level 4 of the Dungeon.
             The game lasted 00:08:45 (1933 turns).

happo123 the Ruffian (Troll Transmuter)             Turns: 1933, Time: 00:08:46

Health: -7/48      AC:  4    Str: 18    XL:     5   Next: 56%
Magic:  3/6        EV: 10    Int: 11    God:    Okawaru [......]
Gold:   167        SH:  0    Dex: 10    Spells: 4/7 levels left

rFire   . . .      SeeInvis .     - Unarmed
rCold   . . .      Faith    .   (no shield)
rNeg    . . .      Spirit   .   a - +0 robe
rPois   .          Reflect  .   (helmet currently unavailable)
rElec   .          Harm     .   (no cloak)
rCorr   .          Rampage  .   (gloves unavailable)
Will    .....                   (boots unavailable)
Stlth   +.........              (no amulet)
HPRegen 0.96/turn               (no ring)
MPRegen 0.10/turn               (no ring)

@: appendages (expiring), wereblooded
A: horns 2, talons 2, large, unfitting armour, claws 3, regeneration 1, shaggy
fur 1, tough skin 1
a: End Transformation, Renounce Religion


You were on level 4 of the Dungeon.
You worshipped Okawaru.
Okawaru was noncommittal.
You had temporarily grown beastly horns and talons.
You visited 1 branch of the dungeon, and saw 4 of its levels.

You collected 167 gold pieces.

Inventory:

Missiles
 p - 2 throwing nets
Armour
 a - a +0 robe (worn)
Magical Staves
 l - a staff of death
Jewellery
 o - a ring of positive energy
Scrolls
 c - a scroll of noise {unknown}
 d - a scroll of immolation {unknown}
 f - 2 scrolls of teleportation {unknown}
 g - 4 scrolls of identify {unknown}
 h - 3 scrolls of vulnerability {unknown}
 j - a scroll of blinking {unknown}
 k - a scroll of summoning {unknown}
 m - a scroll of magic mapping {unknown}
Potions
 b - a potion of lignification
 e - 2 potions of might {unknown}
 i - a potion of attraction {unknown}
 n - a potion of ambrosia {unknown}
 q - 2 potions of brilliance {unknown}


   Skills:
 + Level 1.5 Fighting
 + Level 2.1 Dodging
 * Level 4.1 Unarmed Combat
 + Level 1.7 Spellcasting
 * Level 2.5 Transmutations
 + Level 1.0 Ice Magic


You had 4 spell levels left.
You knew the following spells:

 Your Spells              Type           Power      Damage    Failure   Level
a - Beastly Appendage     Tmut           12%        N/A       11%         1
b - Wereblood             Tmut           6%         N/A       16%         2

Your spell library contained the following spells:

 Spells                   Type           Power      Damage    Failure   Level
 Necrotize                Necr           0%         1d4       30%         1
 Spider Form              Tmut/Pois      3%         N/A       47%         3
 Vampiric Draining        Necr           0%         2d6       65%         3
 Ice Form                 Ice/Tmut       4%         N/A       82%         4
 Airstrike                Air            0%         N/A       96%         4
 Agony                    Necr           0%         N/A       100%        5
 Lightning Bolt           Conj/Air       0%         1d11      100%        5
 Summon Lightning Spire   Summ/Air       Unusable   N/A       N/A         4

Dungeon Overview and Level Annotations

Branches:
Dungeon (4/15)
 Temple: D:4-7

Altars:
Okawaru


Innate Abilities, Weirdness & Mutations

You have temporarily grown beastly horns and talons.
You are too large for most types of armour.
You have claws for hands.
Your natural rate of healing is unusually fast.
You are covered in fur. (AC +1)
You have tough skin. (AC +1)


Message History

An orc priest comes into view. It is wielding a +0 morningstar.
Casting: Beastly Appendage (safe; 11% risk of failure)
Press: ? - help, Q - select action, (/) - cycle Dir - look around, f - activate You grow a pair of large bovine horns.
Your feet morph into talons.
The orc priest looks satisfied for a moment.
Casting: Beastly Appendage (safe; 11% risk of failure)
Confirm with . or Enter, or press ? or * to list all spells.
Your blood is infused with primal strength.
An orc priest comes into view. It is wielding a +0 trident.
The orc priest shouts!
The orc hits you with a +0 club.
An orc comes into view. It is wielding a +0 hunting sling.
You claw the orc!
You feel a bit better.
You kill the orc!
Okawaru accepts your kill.
You barely miss the orc. Your kick misses the orc. The orc closely misses you.
You scratch the orc. You headbutt the orc.
The orc is heavily wounded.
The orc hits you but does no damage.
You scratch the orc but do no damage. You headbutt the orc.
You feel a bit better.
You kill the orc!
Okawaru accepts your kill.
You howl as the wereblood boils in your veins!
The orc priest mumbles some strange prayers to Beogh against you.
Beogh smites you!
You closely miss the orc priest.
You headbutt the orc priest, but do no damage.
You claw the orc priest!
The orc priest is heavily wounded.
Your transformation is almost over.
The orc priest hits you with a +0 morningstar.
You scratch the orc priest.
The orc priest is almost dead.
You howl as the wereblood boils in your veins!
The orc priest hits you with a +0 morningstar!
* * * LOW HITPOINT WARNING * * *
The orc priest calls down the wrath of Beogh upon you.
Beogh smites you!
You die...

#.# #.# #.# #.#
#.# #.# #.# #.#
#.# #o# #.# #o#
#.# #o# #.# #@#
#.# #.# #.#
#.###########.##
#.........)....#
################


You could see 2 orc priests and an orc.

Vanquished Creatures
  An ogre (D:4)
  3 adders
  3 worms
  3 dart slugs
  6 orcs
  5 ball pythons
  5 endoplasms
  A giant cockroach (D:1)
  9 goblins
  7 hobgoblins
  6 jackals (D:2)
  4 quokkas
  7 bats
  A frilled lizard (D:2)
  3 kobolds
  10 rats
74 creatures vanquished.

Vanquished Creatures (others)
  4 plants (D:2)
4 creatures vanquished.

Grand Total: 78 creatures vanquished

Notes
Turn   | Place    | Note
-------+----------+-------------------------------------------
     0 | D:1      | happo123 the Troll Transmuter began the quest for the Orb.
     0 | D:1      | Reached XP level 1. HP: 18/18 MP: 1/1
    88 | D:1      | Reached XP level 2. HP: 22/26 MP: 2/2
   164 | D:1      | Reached skill level 1 in Fighting
   530 | D:2      | Reached XP level 3. HP: 27/33 MP: 2/4
   537 | D:2      | Learned a level 2 spell: Wereblood
   835 | D:2      | Reached XP level 4. HP: 21/41 MP: 1/5
  1632 | D:3      | Found an iron altar of Okawaru.
  1636 | D:3      | Became a worshipper of Warmaster Okawaru
  1903 | D:4      | Noticed an ogre
  1912 | D:4      | Killed an ogre
  1913 | D:4      | Reached skill level 4 in Unarmed Combat
  1913 | D:4      | Reached skill level 1 in Ice Magic
  1913 | D:4      | Reached XP level 5. HP: 12/48 MP: 4/6
  1933 | D:4      | Killed from afar by an orc priest

Illustrated notes

Levels and vault maps discovered:
D:1:      roderic_octagonal_star, layout_rooms, minmay_misc_feat_pillars
D:2:      layout_basic, chequers_big_river
D:3:      layout_loops_cross, marbit_many_paths, minmay_close_crescents
D:4:      layout_basic, minmay_temple_entry_antechambers, patterned_corridor,
          uniq_ijyb

Skill      XL: |  1  2  3  4 |
---------------+-------------+-----
Fighting       | 1 |  1.5
Transmutations | 2 |  2.5
Dodging        | 2 |  2.1
Unarmed Combat | 4 |  4.1
Ice Magic      | 1 |  1.0
Spellcasting   | |  1.7

Action                   |  1- 3 |  4- 6 || total
-------------------------+-------+-------++-------
Melee: Unarmed           |   102 |    72 ||   174
       Headbutt          |     4 |    10 ||    14
       Kick              |    10 |    12 ||    22
       Punch             |       |     3 ||     3
 Cast: Beastly Appendage |     8 |     8 ||    16
       Wereblood         |     1 |     4 ||     5
 Stab: Sleeping          |     1 |     1 ||     2
Armor: Robe              |    58 |    14 ||    72
Dodge: Dodged            |    69 |    21 ||    90

Table legend: (Time is in decaauts)
 A = Elapsed time spent in this place.
 B = Non-inter-level travel time spent in this place.
 C = Inter-level travel time spent in this place.
 D = Time resting spent in this place.
 E = Time spent auto-exploring this place.
 F = Levels seen in this place.
 G = Mean time per level.
                   A        B        C        D        E       F      G
               +--------+--------+--------+--------+--------+-----+--------+
         Total |   1931 |   1722 |    209 |      0 |   1192 |   4 |  482.8 |
       Dungeon |   1931 |   1722 |    209 |      0 |   1192 |   4 |  482.8 |
               +--------+--------+--------+--------+--------+-----+--------+

Top non-repeatable levels by time:
     D:2: 746 daAuts
     D:3: 655 daAuts
     D:1: 481 daAuts
     D:4: 48 daAuts
